 Dungeon Crawl Stone Soup version 0.27-a0-1555-g0e7b3fb1d2 (webtiles) character file.

Game seed: 2393078725155602491

206 Lemonice the Skirmisher (level 6, -5/49 HPs)
             Began as a Formicid Abyssal Knight on July 15, 2021.
             Was a Believer of Lugonu.
             Slain by Menkaure (14 damage)
             ... on level 4 of the Dungeon.
             The game lasted 00:08:28 (3505 turns).

Lemonice the Skirmisher (Formicid Abyssal Knight)   Turns: 3505, Time: 00:08:29

Health: -5/49      AC:  3    Str: 17 (18) XL:     6   Next: 10%
Magic:  7/7        EV: 11    Int:  9 (12) God:    Lugonu [**....]
Gold:   80         SH:  0    Dex:  7 (10) Spells: 5/5 levels left

rFire    . . .     SeeInvis +   a - +1 hand axe
rCold    . . .     Faith    .   (no shield)
rNeg     . . .     Spirit   .   b - +0 leather armour
rPois    +         Reflect  .   (helmet unavailable)
rElec    .         Harm     .   (no cloak)
rCorr    .         Rampage  .   (no gloves)
Will     .....                  (no boots)
Stlth    +.........             k - amulet of regeneration
HPRegen  1.16/turn              g - ring of poison resistance
MPRegen  0.10/turn              (no ring)

@: no status effects
A: permanent stasis, dig shafts and tunnels, antennae 3, four strong arms
a: Dig, Shaft Self, Renounce Religion, Depart the Abyss, Bend Space


You were on level 4 of the Dungeon.
You worshipped Lugonu.
Lugonu was pleased with you.
You visited 1 branch of the dungeon, and saw 4 of its levels.
You visited the Abyss 1 time.

You collected 145 gold pieces.
You spent 65 gold pieces at shops.

Inventory:

Hand Weapons
 a - a +1 hand axe (weapon)
 o - a +0 whip of venom
Missiles
 l - 2 atropa-tipped darts
Armour
 b - a +0 leather armour (worn)
Jewellery
 g - a ring of poison resistance (left hand)
 k - an amulet of regeneration (around neck)
Wands
 e - a wand of mindburst (6)
Scrolls
 c - a scroll of vulnerability {unknown}
 d - a scroll of immolation {unknown}
 h - a scroll of holy word {unknown}
 j - 4 scrolls of identify {unknown}
 m - a scroll of noise {unknown}
 n - a scroll of fog {unknown}
 p - a scroll of magic mapping {unknown}
 q - 2 scrolls of teleportation {unknown}
 r - a scroll of amnesia {unknown}
 s - a scroll of blinking {unknown}
Potions
 f - a potion of degeneration


   Skills:
 + Level 4.6 Fighting
 * Level 4.2 Axes
 + Level 3.5 Armour
 - Level 0.8 Dodging
 - Level 2.2 Invocations


You had 5 spell levels left.
You didn't know any spells.
Your spell library contained the following spells:

 Spells                   Type           Power      Damage    Failure   Level
 Poisonous Vapours        Pois/Air       0%         N/A       58%         2
 Mephitic Cloud           Conj/Pois/Air  0%         N/A       82%         3
 Freezing Cloud           Conj/Ice/Air   0%         6-21      100%        5


Dungeon Overview and Level Annotations

Branches:
Dungeon (4/15)
 Temple: D:4-7

Altars:
Gozag

Shops:
D:1 !

Annotations:
D:4 Menkaure


Innate Abilities, Weirdness & Mutations

You cannot be hasted, slowed, berserked, paralysed or teleported.
You can dig through walls and to a lower floor.
You have a pair of large antennae on your head. (SInv)
Your four strong arms can wield two-handed weapons with a shield.


Message History

What level of the Dungeon? (default 1, ? - help)
There is a stone staircase leading down here.
You climb downwards.
There is a stone staircase leading up here.
Menkaure, Prince of Dust comes into view.
Menkaure shouts!
Aiming: Mindburst
Press: ? - help, Shift-Dir - straight line, f - Menkaure
Aim: Menkaure (chance to affect: 65%) Menkaure struggles to resist.
There is a stone staircase leading up here.
It was a potion of degeneration.
There was something very wrong with that liquid.
You feel weakened.
You feel dopey.
You feel clumsy.
It was a potion of haste.
Your stasis prevents you from being hasted.
A dart slug comes into view.
Menkaure hits you!
You closely miss Menkaure. Menkaure barely misses you.
You hit Menkaure.
Menkaure is lightly damaged.
You barely miss Menkaure.
Menkaure is lightly damaged.
Menkaure mumbles some strange words.
Menkaure seems to speed up.
You hit Menkaure.
Menkaure is moderately damaged.
Menkaure says, "Why can't you leave me to my rest?"
Menkaure hits you! Menkaure closely misses you.
You barely miss Menkaure.
Menkaure is moderately damaged.
Menkaure hits you!!
* * * LOW HITPOINT WARNING * * *
You hit Menkaure.
Menkaure is severely damaged.
Menkaure barely misses you.
You hit Menkaure.
Menkaure is severely damaged.
Menkaure barely misses you. Menkaure hits you!
You die...

#########
#.Mw.....
#@# #<#
#.# #.#
#.# #.#
#.. { ###


You could see Menkaure (fast) and a dart slug.

Vanquished Creatures
  Ijyb (D:3)
  Natasha (thrice) (D:2)
  Robin (D:3)
  An adder (D:2)
  A worm (D:3)
  A dart slug (D:1)
  An orc (D:3)
  6 ball pythons
  5 endoplasms
  A giant cockroach (D:1)
  11 hobgoblins
  9 jackals
  A quokka (D:1)
  4 bats
  4 frilled lizards
  11 goblins
  A jackal skeleton (D:2)
  8 kobolds
  A quokka skeleton (D:3)
  7 rats
78 creatures vanquished.

Notes
Turn   | Place    | Note
-------+----------+-------------------------------------------
     0 | Abyss:1  | Lemonice the Formicid Abyssal Knight began the quest for
                  | the Orb.
     0 | Abyss:1  | Reached XP level 1. HP: 18/18 MP: 2/2
    93 | Abyss:1  | Noticed an Executioner
    94 | D:1      | Escaped the Abyss
   437 | D:1      | Reached XP level 2. HP: 18/25 MP: 3/3
   438 | D:1      | Reached * piety under Lugonu
   635 | D:1      | Found Ikamn's Distillery.
   640 | D:1      | Bought a potion of heal wounds for 65 gold pieces
   688 | D:1      | Found a faded altar of an unknown god.
   957 | D:1      | Reached XP level 3. HP: 27/29 MP: 4/4
  1889 | D:2      | Reached ** piety under Lugonu
  2071 | D:2      | Reached XP level 4. HP: 37/37 MP: 5/5
  2397 | D:3      | Noticed Natasha
  2422 | D:2      | Killed Natasha
  2515 | D:2      | Noticed Natasha
  2523 | D:2      | Killed Natasha
  2524 | D:2      | Reached XP level 5. HP: 34/43 MP: 6/6
  2548 | D:2      | Noticed Natasha
  2568 | D:2      | Killed Natasha
  2791 | D:3      | Noticed Robin
  2809 | D:3      | Killed Robin
  2938 | D:3      | Found an opulent altar of Gozag.
  3208 | D:3      | Noticed Ijyb
  3232 | D:3      | Killed Ijyb
  3233 | D:3      | Reached XP level 6. HP: 20/49 MP: 7/7
  3490 | D:4      | Noticed Menkaure
  3505 | D:4      | Slain by Menkaure

Illustrated notes

Levels and vault maps discovered:
D:1:      scummos_arrival_star, layout_loops_ring, serial_shops, shop,
          dreamdust_ecumenical_altar_statues, minmay_misc_feat_encased,
          chequers_serial_rivers_micro_a, kennysheep_small_spiral
D:2:      layout_loops_corners
D:3:      layout_basic, nicolae_gozag_seed_capital, uniq_natasha, uniq_robin,
          uniq_ijyb
D:4:      layout_loops_ring, uniq_blork_the_orc, uniq_menkaure

Skill      XL: |  1  2  3  4  5 |
---------------+----------------+-----
Fighting       | 4 |  4.6
Axes           | 3 4 |  4.2
Armour         | 3 |  3.5
Dodging        | |  0.8
Invocations    | |  2.2

Action                   |  1- 3 |  4- 6 || total
-------------------------+-------+-------++-------
Melee: Hand axe          |   114 |   152 ||   266
Invok: Depart the Abyss  |     1 |       ||     1
Evoke: Wand              |       |     1 ||     1
  Use: Potion            |       |     4 ||     4
Armor: Leather armour    |    26 |    27 ||    53
Dodge: Dodged            |    78 |    65 ||   143

Table legend: (Time is in decaauts)
 A = Elapsed time spent in this place.
 B = Non-inter-level travel time spent in this place.
 C = Inter-level travel time spent in this place.
 D = Time resting spent in this place.
 E = Time spent auto-exploring this place.
 F = Levels seen in this place.
 G = Mean time per level.
                   A        B        C        D        E       F      G
               +--------+--------+--------+--------+--------+-----+--------+
         Total |   3542 |   3314 |    228 |      0 |   2163 |   5 |  708.4 |
       Dungeon |   3448 |   3220 |    228 |      0 |   2163 |   4 |  862.0 |
         Abyss |     94 |     94 |      0 |      0 |      0 |   1 |   94.0 |
               +--------+--------+--------+--------+--------+-----+--------+

Top non-repeatable levels by time:
     D:1: 1454 daAuts
     D:2: 1015 daAuts
     D:3: 962 daAuts
 Abyss:1: 94 daAuts
     D:4: 16 daAuts
